 Dungeon Crawl Stone Soup version 0.31-a0-276-ge00219d475 (webtiles) character file.

Game seed: 4033501960174608855

3577 Querens the Grappler (level 9, -10/93 HPs)
             Began as a Troll Monk on July 15, 2023.
             Was a High Priest of Okawaru.
             Mangled by Grum
             ... wielding a +0 halberd of venom
              (12 damage)
             ... on level 9 of the Dungeon.
             The game lasted 00:30:52 (5203 turns).

Querens the Grappler (Troll Monk)                   Turns: 5203, Time: 00:30:53

Health: -10/93     AC:  7    Str: 25    XL:     9   Next: 84%
Magic:  10/10      EV: 14    Int:  6    God:    Okawaru [*****.]
Gold:   306        SH:  0    Dex: 12    Spells: 8/8 levels left

rFire   . .          .
                       - Unarmed
rCold   . . .        (no shield)
rNeg    . . .        o - +2 robe {Will+}
rPois   .            (helmet restricted)
rElec   .            x - +0 cloak
rCorr   .            (gloves unavailable)
SInv    .            (boots unavailable)
Will    +....        (no amulet)
Stlth   +            (no ring)
HPRegen 1.15/turn    (no ring)
MPRegen 0.12/turn

%: no passive effects
@: confused, lethally poisoned (-10 -> -36), heroic, ambrosia-drunk
A: large, unfitting armour, claws 3, regeneration 1, shaggy fur 1, tough skin 1
a: Renounce Religion, Heroism, Finesse, Duel


You were on level 9 of the Dungeon.
You worshipped Okawaru.
Okawaru was extremely pleased with you.
You visited 2 branches of the dungeon, and saw 10 of its levels.

You collected 462 gold pieces.
You spent 156 gold pieces at shops.

Inventory:

Armour
 c - an orb of light
 o - a +2 robe of willpower (worn)
 r - a scarf of repulsion
 x - a +0 cloak (worn)
Talismans
 y - a maw talisman
Wands
 e - a wand of flame (17)
 l - a wand of digging (9)
 A - a wand of paralysis (4)
 C - a wand of roots (14)
Scrolls
 d - 3 scrolls of enchant weapon
 f - a scroll of blinking
 g - 4 scrolls of fog
 i - a scroll of teleportation
 k - 5 scrolls of poison
 p - a scroll of revelation
 q - a scroll of brand weapon {unknown}
 s - a scroll of noise
 t - a scroll of vulnerability {unknown}
 v - a scroll of torment {unknown}
Potions
 a - 2 potions of attraction
 h - 2 potions of enlightenment
 j - a potion of resistance
 m - 2 potions of lignification
 n - a potion of magic
 u - a potion of invisibility
 z - a potion of degeneration {unknown}
 B - a potion of might {unknown}
 D - 2 potions of brilliance {unknown}


   Skills:
 + Level 7.2(12.2) Fighting
 - Level 5.8(10.8) Dodging
 + Level 8.6(13.6) Unarmed Combat
 + Level 3.2 Invocations
 + Level 3.0 Shapeshifting


You had 8 spell levels left.
You didn't know any spells.
Your spell library contained the following spells:

 Spells                   Type           Power      Damage    Failure   Level
 Sting                    Tmut/Pois      0%         1d3       45%         1
 Ensorcelled Hibernation  Hex/Ice        0%         N/A       58%         2
 Passwall                 Tmut/Erth      0%         N/A       58%         2
 Poisonous Vapours        Pois/Air       0%         N/A       58%         2
 Static Discharge         Conj/Air       0%         2-2/arc   58%         2
 Dazzling Flash           Conj/Hex       0%         N/A       83%         3
 Ozocubu's Armour         Ice            0%         N/A       83%         3
 Stone Arrow              Conj/Erth      0%         3d7       83%         3
 Swiftness                Air            0%         N/A       83%         3
 Airstrike                Air            0%         2d(0-16)  99%         4
 Olgreb's Toxic Radiance  Pois           0%         N/A       99%         4
 Agony                    Necr           0%         N/A       100%        5
 Silence                  Hex/Air        0%         N/A       100%        5
 Ozocubu's Refrigeration  Ice            0%         4d7       100%        7
 Lehudib's Crystal Spear  Conj/Erth      0%         10d2      100%        8
 Animate Armour           Summ/Erth      Unusable   N/A       N/A         4
 Summon Lightning Spire   Summ/Air       Unusable   N/A       N/A         4

Dungeon Overview and Level Annotations

Branches:
Dungeon (9/15)             Temple (1/1) D:6
   Lair: D:8-11         Orc: D:9-12

Altars:
Ashenzari
Cheibriados
Dithmenos
Elyvilon
Fedhas
Gozag
Kikubaaqudgha
Makhleb
Nemelex Xobeh
Okawaru
Qazlal
Ru
Sif Muna
Trog
Uskayaw
Vehumet
Wu Jian
Xom
Yredelemnul
Zin
The Shining One

Shops:
D:3 [[(   D:4 [   D:5 ?

Annotations:
D:1 1 transporter
D:4 2 transporters, Vruhak's ghost, novice FoHu
D:7 2 transporters, greenbourne's ghost, novice TrSh
D:9 Grum


Innate Abilities, Weirdness & Mutations

You are too large for most types of armour.
You have claws for hands.
Your natural rate of healing is unusually fast.
You are covered in fur. (AC +1)
You have tough skin. (AC +1)


Message History

You feel much better.
You feel very sick. Grum barely misses you.
A howler monkey comes into view.
You feel very sick. Grum misses you.
The howler monkey hoots and howls with incredible vigour!
You hear an angry buzzing noise.
You hear a shout!
You claw Grum! Your claw misses Grum.
Grum is lightly wounded.
You feel sick. Grum barely misses you.
You mangle Grum!!
Grum is severely wounded.
You feel sick. Grum barely misses you.
You scratch Grum but do no damage.
Grum is severely wounded.
You feel sick.
The howler monkey hoots and howls with incredible vigour!
Grum completely misses you.
You hear a loud, deep croak!
You hear a shout!
You hear an angry buzzing noise.
You hear a shout! x3
You barely miss Grum.
Grum is severely wounded.
You feel sick.
You barely miss Grum.
Grum is severely wounded.
You feel sick. Grum completely misses you.
You claw Grum!
Grum is almost dead.
You feel sick.
Grum hits you with a +0 halberd of venom!!
* * * LOW HITPOINT WARNING * * *
You are lethally poisoned!
Unknown command.
You are confused.
You feel invigorated.
* * * LOW HITPOINT WARNING * * *
You feel extremely sick.
Grum hits you with a +0 halberd of venom!
You die...

......... ###.......
#......... #....##...
#### ##..#..##..##...
###..##...#.....##
#....##h.........#
#.....#g#h......#
#.....#@#.......## #
#.....#.##.......####.##
##?...#.##...#..#..##...
######.#...#####.####..
#.....#....#..........
#.#####..#.###########
#.###....#............
#.##..################
#....................#


You could see Grum and a wolf.

Vanquished Creatures
  Sigmund (D:5)
  A wyvern (D:9)
  Eustachio (D:4)
  A water moccasin (D:8)
  2 ice beasts
  Pargi (D:4)
  2 orc warriors (D:7)
  An ogre (D:4)
  2 wolves (D:9)
  A centaur (D:8)
  2 phantoms (D:5)
  Blork the orc (D:4)
  3 bullfrogs (D:8)
  A scorpion (D:4)
  A gnoll sergeant (D:6)
  15 killer bees
  2 howler monkeys (D:7)
  A jelly (D:6)
  4 hounds
  3 orc priests
  Crazy Yiuf (D:6)
  3 sleepcaps
  2 iguanas
  9 orc wizards
  15 gnolls
  4 adders
  A shadow imp (D:7)
  4 white imps
  A worm (D:3)
  3 dart slugs
  32 orcs
  9 ball pythons
  4 bats
  5 endoplasms
  5 giant cockroaches
  3 goblins (D:1)
  9 hobgoblins
  4 jackals (D:2)
  7 kobolds
  A quokka (D:3)
  4 frilled lizards
  3 rats (D:3)
175 creatures vanquished.

Notes
Turn   | Place    | Note
-------+----------+-------------------------------------------
     0 | D:1      | Querens the Troll Monk began the quest for the Orb.
     0 | D:1      | Reached XP level 1. HP: 22/22 MP: 0/0
    91 | D:1      | Found a faded altar of an unknown god.
   134 | D:1      | Reached XP level 2. HP: 29/29 MP: 1/1
   632 | D:2      | Reached XP level 3. HP: 36/36 MP: 2/2
   972 | D:3      | Found Xyipnitz's Armour Emporium.
  1040 | D:3      | Found a burning altar of Makhleb.
  1043 | D:3      | Found a sacrificial altar of Ru.
  1046 | D:3      | Found an iron altar of Okawaru.
  1050 | D:3      | Became a worshipper of Warmaster Okawaru
  1050 | D:3      | Reached * piety under Okawaru
  1050 | D:3      | Reached ** piety under Okawaru
  1143 | D:3      | You fall into a shaft and drop 2 floors!
  1143 | D:5      | Entered Level 5 of the Dungeon
  1184 | D:5      | Reached XP level 4. HP: 45/45 MP: 3/3
  1353 | D:3      | Found a broken altar of Ashenzari.
  1389 | D:3      | Found Emiji's Weapon Boutique.
  1492 | D:3      | Found Ryrujomp's Antique Armour Shop.
  1502 | D:3      | Reached skill level 4 in Unarmed Combat
  1745 | D:4      | Reached XP level 5. HP: 43/53 MP: 4/4
  1876 | D:4      | Noticed Eustachio
  1924 | D:4      | Killed Eustachio
  1924 | D:4      | Reached *** piety under Okawaru
  1925 | D:4      | Reached XP level 6. HP: 46/62 MP: 5/5
  1959 | D:4      | Found Nuro's Antique Armour Boutique.
  1975 | D:4      | Reached skill level 5 in Unarmed Combat
  2151 | D:4      | Reached XP level 7. HP: 27/70 MP: 6/6
  2223 | D:4      | Noticed Blork the orc
  2238 | D:4      | Killed Blork the orc
  2325 | D:4      | Noticed Pargi
  2335 | D:4      | Killed Pargi
  2352 | D:4      | Found a transporter.
  2369 | D:4      | Noticed Vruhak's ghost (novice FoHu)
  2371 | D:4      | Found a transporter.
  2393 | D:4      | Found a shadowy altar of Dithmenos.
  2615 | D:5      | Found Imobb's Magic Scroll Emporium.
  2624 | D:5      | Bought a scroll of noise for 12 gold pieces
  2624 | D:5      | Bought a scroll of fog for 48 gold pieces
  2624 | D:5      | Bought a scroll of poison for 48 gold pieces
  2624 | D:5      | Bought a scroll of fear for 48 gold pieces
  2715 | D:5      | Noticed Sigmund
  2725 | D:5      | Killed Sigmund
  2725 | D:5      | Reached **** piety under Okawaru
  2726 | D:5      | Reached skill level 5 in Fighting
  2726 | D:5      | Reached skill level 5 in Dodging
  2726 | D:5      | Reached skill level 6 in Unarmed Combat
  2762 | D:5      | Reached XP level 8. HP: 76/80 MP: 7/7
  3180 | D:6      | Found a staircase to the Ecumenical Temple.
  3332 | D:6      | Found a runed translucent door.
  3333 | D:6      | Noticed Crazy Yiuf
  3341 | D:6      | Killed Crazy Yiuf
  3495 | D:6      | HP: 1/83 [killer bee (7)]
  3500 | D:6      | HP: 2/83 [poisoned by a killer bee]
  3542 | D:6      | Reached skill level 7 in Unarmed Combat
  3634 | Temple   | Entered the Ecumenical Temple
  3830 | D:7      | Reached XP level 9. HP: 87/91 MP: 8/8
  3874 | D:7      | Found a transporter.
  3899 | D:7      | Found a transporter.
  3900 | D:7      | Noticed greenbourne's ghost (novice TrSh)
  3945 | D:7      | Noticed a four-headed hydra
  3946 | D:7      | Noticed a moth of wrath
  4135 | D:7      | Reached skill level 1 in Invocations
  4264 | D:8      | Reached skill level 1 in Shapeshifting
  4322 | D:8      | Reached ***** piety under Okawaru
  4323 | D:8      | Reached skill level 8 in Unarmed Combat
  4761 | D:8      | Found a bloodstained altar of Trog.
  4768 | D:8      | Identified the +8 dagger of Death's Door {flame, *Rage
                  | rPois Int+2 Dex+4}
  5180 | D:9      | Noticed Grum
  5203 | D:9      | HP: 2/93 [poisoned by Grum]
  5203 | D:9      | Mangled by Grum

Illustrated notes

Levels and vault maps discovered:
D:1:      spicycebolla_arrival_risky_transporter, layout_rooms,
          ebering_ecumenical_altar_hall
D:2:      layout_loops_ring, minmay_misc_feat_pillars
D:3:      layout_loops_ring, evilmike_ruin_ashenzari,
          grunt_temple_overflow_diamond, serial_shops, nicolae_square_shop,
          shop, shop
D:4:      minmay_chambers_of_threes, layout_layer_cave,
          mainiacjoe_overflow_paths, gammafunk_ghost_mausoleum, serial_shops,
          shop, uniq_pargi, uniq_eustachio, uniq_blork_the_orc
D:5:      layout_basic, serial_shops, shop, minmay_fountain_box, uniq_sigmund
D:6:      layout_cave_pools, minmay_temple_entry_fiery, solitary_fountain,
          kennysheep_donut, uniq_crazy_yiuf_cottage
D:7:      layout_gridville, gammafunk_ghost_berserking_beasts,
          minmay_misc_feat_nine_boxes
D:8:      layout_basic, bloody_trog
D:9:      layout_cave_pools, orc_david_3, serial_co_window_serial,
          co_window_corner_a, co_window_cross_1, co_window_paths_b,
          co_window_paths_b, co_window_corner_a, co_window_of_opportunity_a,
          co_window_paths_b, co_window_paths_a, co_window_paths_a,
          co_window_corner_b, co_window_corner_ca, co_window_broadway_b,
          co_window_of_opportunity_b, co_window_corner_b, co_window_paths_e,
          co_window_4corner_b, glass_columns_a, glass_columns_a, uniq_maurice,
          uniq_grum
Temple:   nicolae_temple_no_exploring_needed

Skill      XL: |  1  2  3  4  5  6  7  8  9 |
---------------+----------------------------+-----
Fighting       | 3 4 5 6 7 |  7.2
Dodging        | 3 4 5 |  5.8
Unarmed Combat | 4 5 6 7 8 |  8.6
Invocations    | 3 |  3.2
Shapeshifting  | 3 |  3.0

Action                     |  1- 3 |  4- 6 |  7- 9 || total
---------------------------+-------+-------+-------++-------
  Melee: Unarmed           |   102 |   125 |   335 ||   562
         Punch             |     1 |     1 |    11 ||    13
 Invoke: Heroism           |       |       |     4 ||     4
  Evoke: Wand              |       |       |     1 ||     1
    Use: Scroll            |       |     6 |    11 ||    17
         Potion            |       |       |     8 ||     8
   Stab: Sleeping          |       |     1 |       ||     1
 Armour: Robe              |    35 |    39 |   103 ||   177
  Dodge: Dodged            |    54 |    58 |   217 ||   329

Table legend: (Time is in decaauts)
 A = Elapsed time spent in this place.
 B = Non-inter-level travel time spent in this place.
 C = Inter-level travel time spent in this place.
 D = Time resting spent in this place.
 E = Time spent auto-exploring this place.
 F = Levels seen in this place.
 G = Mean time per level.
                   A        B        C        D        E       F      G
               +--------+--------+--------+--------+--------+-----+--------+
         Total |   5139 |   4928 |    211 |      0 |      0 |  10 |  513.9 |
       Dungeon |   5137 |   4926 |    211 |      0 |      0 |   9 |  570.8 |
        Temple |      1 |      1 |      0 |      0 |      0 |   1 |    1.0 |
               +--------+--------+--------+--------+--------+-----+--------+

Top non-repeatable levels by time:
     D:4: 895 daAuts
     D:8: 663 daAuts
     D:3: 651 daAuts
     D:2: 588 daAuts
     D:6: 567 daAuts
     D:7: 560 daAuts
     D:5: 557 daAuts
     D:1: 361 daAuts
     D:9: 293 daAuts
  Temple: 1 daAuts
